AoeStats
← Civilgarlic

Scandinavia

510817243Analyzed
1v1 RM · 1d ago on Oct 2, 2026· 30m 59s· 2 players
Game mode
Random Map
Map size
Tiny (2 player)
Population
200
Speed
Normal
Resources
Standard
Victory
Conquest
Starting age
Dark Age
Ending age
Imperial Age
RankedLock teamsTeams togetherTeam positionsShared explorationLock speedFull tech treeHidden civsTurbo modeCheats
Victory
Defeat
🇹🇼 Romans · Taiwan
1200
+15
🇨🇭 Persians · Switzerland
1172
-15
Civilgarlic
6:30 Loom
10:27 Feudal Age
14:57 Fletching
20:05 Castle Age
20:29 Double-Bit Axe
22:15 Horse Collar
25:51 Scale Barding Armor
30:12 Bodkin Arrow
花雪
6:51 Loom
9:29 Feudal Age
9:29 Man-at-Arms
10:02 Double-Bit Axe
11:49 Horse Collar
12:35 Scale Mail Armor
19:05 Forging
18:46 Fletching
20:10 Wheelbarrow
23:46 Castle Age
22:18 Gold Mining
23:12 Fishing Lines
24:56 Pikeman
24:57 Long Swordsman
25:48 Squires
26:07 Chain Mail Armor
26:29 Iron Casting
30:15 Town Watch
Connection lost

Rejoining the realm…

Still unreachable

The connection could not be restored.

Session expired

The server has moved on; the page needs a fresh start.